 Dungeon Crawl Stone Soup version 0.32-a0-646-g91cf321817 (webtiles) character file.

Game seed: 5335405351968905913

108 Kenran the Ruffian (level 4, -2/33 HPs)
             Began as a Minotaur Summoner on Mar 8, 2024.
             Killed by nerve-wracking pain
             ... invoked by an orc priest
              (12 damage)
             ... on level 3 of the Dungeon.
             The game lasted 00:03:17 (1451 turns).

Kenran the Ruffian (Minotaur Summoner)              Turns: 1451, Time: 00:03:17

Health: -2/33      AC:  8    Str: 14    XL:     4   Next: 58%
Magic:  5/5        EV: 11    Int: 12    God:
Gold:   101        SH:  0    Dex: 11    Spells: 4/5 levels left

rFire   . .          .
                       - Unarmed
rCold   . . .        (no shield)
rNeg    . . .        f - +3 leather armour
rPois   .            (helmet restricted)
rElec   .            g - +0 cloak
rCorr   .            (no gloves)
SInv    .            e - +0 pair of boots
Will    .....        (no amulet)
Stlth   +            (no ring)
HPRegen 0.25/turn    (no ring)
MPRegen 0.09/turn

%: no passive effects
@: no status effects
A: horns 2, retaliatory headbutt
a: Convert to Beogh


You were on level 3 of the Dungeon.
You visited 1 branch of the dungeon, and saw 3 of its levels.

You collected 101 gold pieces.

Inventory:

Armour
 e - a +0 pair of boots (worn)
 f - a +3 leather armour (worn)
 g - a +0 cloak (worn)
Scrolls
 h - a scroll of revelation {unknown}
 i - 2 scrolls of identify {unknown}
 j - a scroll of poison {unknown}
 k - a scroll of fog {unknown}
Potions
 a - a potion of brilliance {unknown}
 b - a potion of magic
 c - a potion of degeneration {unknown}
 d - a potion of curing {@q1}
 l - a potion of haste {unknown}
 m - a potion of lignification {unknown}


   Skills:
 - Level 2.1 Dodging
 - Level 1.5 Stealth
 + Level 4.7 Unarmed Combat
 - Level 1.3 Spellcasting
 - Level 2.9 Summonings


You had 4 spell levels left.
You knew the following spells:

 Your Spells              Type           Power      Damage    Failure   Level
a - Summon Small Mammal   Summ           28%        N/A       11%         1

Your spell library contained the following spells:

 Spells                   Type           Power      Damage    Failure   Level
 Call Imp                 Summ           14%        N/A       17%         2
 Call Canine Familiar     Summ           7%         N/A       32%         3
 Apportation              Tloc           0%         N/A       36%         1
 Foxfire                  Conj/Fire      0%         2x1d4     36%         1
 Necrotise                Necr           0%         1d4       36%         1
 Sting                    Conj/Alch      0%         1d3       36%         1
 Mercury Vapours          Alch/Air       0%         N/A       50%         2
 Summon Blazeheart Golem  Fire/Summ      4%         N/A       89%         4
 Summon Lightning Spire   Summ/Air       4%         N/A       89%         4
 Olgreb's Toxic Radiance  Alch           0%         N/A       98%         4
 Plasma Beam              Fire/Air       0%         2x1d10    100%        6
 Starburst                Conj/Fire      0%         6d3       100%        6


Dungeon Overview and Level Annotations

Branches:
Dungeon (3/15)

Altars:
Ashenzari
Dithmenos
Elyvilon


Innate Abilities, Weirdness & Mutations

You have a pair of horns on your head.
You reflexively headbutt those who attack you in melee.


Message History

You kill the orc!
The goblin misses you. You furiously retaliate!
You headbutt the goblin!
You kill the goblin!
You hit the orc priest but do no damage.
Your punch misses the orc priest. The endoplasm barely misses you.
The orc priest closely misses you.
You hit the orc priest but do no damage.
The endoplasm hits you but does no damage.
The orc priest begins to cast a cantrip, but forgets the words!
You barely miss the orc priest. Your headbutt misses the orc priest.
The endoplasm freezes you.
You are frozen.
You hit the orc priest but do no damage.
You punch the orc priest.
The orc priest is lightly wounded.
The orc priest hits you with a +0 whip.
You closely miss the orc priest.
The orc priest is lightly wounded.
The endoplasm hits you. The orc priest hits you with a +0 whip.
You hit the orc priest but do no damage.
You headbutt the orc priest.
The orc priest is moderately wounded.
The endoplasm closely misses you. The orc priest closely misses you.
You hit the orc priest but do no damage.
The orc priest is moderately wounded.
The orc priest shouts, "Beogh offers mercy even to people such as you.
Join us and be reborn!"
The endoplasm freezes you.
You are frozen.
The orc priest closely misses you.
You barely miss the orc priest.
The orc priest is moderately wounded.
The endoplasm hits you but does no damage.
The orc priest closely misses you.
You hit the orc priest but do no damage.
Your headbutt misses the orc priest.
The orc priest is moderately wounded.
The endoplasm freezes you.
You are frozen.
The orc priest invokes the aid of Beogh against you.
Pain shoots through your body!
You die...

!≣≣.....≣≣.
.......... ..#
≣......... ..#
≣≣...ᚤ...≣≣ ≣..#
≣.........≣≣...
.....g........
≣.....≣ ...
≣≣..≣.o≣≣≣J#
..≣≣..≣≣≣..≣≣@#
....≣≣≣...$o#
#..≣...#..#####
#...).....#...####
#.)..######~~≈≈≈≈#
#..÷.# #.).#
##...)## ##..#
#......## ##.#
#...####..# #.###


You could see an orc priest and an endoplasm.

Vanquished Creatures
  An orc priest (D:3)
  2 adders
  2 dart slugs
  A ribbon worm (D:3)
  6 orcs
  2 ball pythons (D:1)
  7 bats (D:1)
  7 endoplasms
  2 giant cockroaches (D:1)
  3 goblins
  4 hobgoblins
  3 kobolds (D:1)
  2 quokkas (D:1)
  A frilled lizard (D:1)
  2 rats
45 creatures vanquished.

Notes
Turn   | Place    | Note
-------+----------+-------------------------------------------
     0 | D:1      | Kenran the Minotaur Summoner began the quest for the Orb.
     0 | D:1      | Reached XP level 1. HP: 14/14 MP: 1/1
    43 | D:1      | Found a faded altar of an unknown god.
    51 | D:1      | Reached skill level 1 in Unarmed Combat
    73 | D:1      | Reached XP level 2. HP: 20/20 MP: 3/3
    93 | D:1      | Reached skill level 2 in Unarmed Combat
   349 | D:1      | Reached skill level 3 in Unarmed Combat
   350 | D:1      | Reached XP level 3. HP: 26/26 MP: 4/4
   958 | D:2      | Found a broken altar of Ashenzari.
  1094 | D:3      | Found a white marble altar of Elyvilon.
  1212 | D:2      | Reached skill level 4 in Unarmed Combat
  1219 | D:2      | Reached XP level 4. HP: 18/33 MP: 5/5
  1427 | D:3      | Found a shadowy altar of Dithmenos.
  1451 | D:3      | Killed from afar by an orc priest

Illustrated notes

Levels and vault maps discovered:
D:1:      psy_arrival_fountain, layout_rooms,
          ebering_ecumenical_altar_sacrificial
D:2:      layout_basic, basic_altar
D:3:      layout_rooms, nicolae_dithmenos_shadow_blocks,
          mainiacjoe_overflow_tiny_flanked, serial_rivers,
          chequers_serial_rivers_micro_a, chequers_serial_rivers_micro_b,
          chequers_serial_rivers_micro_b, chequers_serial_rivers_small_b

Skill      XL: |  1  2  3 |
---------------+----------+-----
Unarmed Combat | 1 3 4 |  4.7
Dodging        | |  2.1
Stealth        | |  1.5
Spellcasting   | |  1.3
Summonings     | |  2.9

Action                     |  1- 3 |  4- 6 || total
---------------------------+-------+-------++-------
  Melee: Unarmed           |   107 |    25 ||   132
         Headbutt          |    18 |     3 ||    21
         Punch             |     2 |     2 ||     4
    Use: Potion            |     1 |       ||     1
   Stab: Sleeping          |     3 |       ||     3
 Armour: Robe              |    10 |       ||    10
         Leather armour    |    47 |    12 ||    59
  Dodge: Dodged            |    67 |    17 ||    84

Table legend: (Time is in decaauts)
 A = Elapsed time spent in this place.
 B = Non-inter-level travel time spent in this place.
 C = Inter-level travel time spent in this place.
 D = Time resting spent in this place.
 E = Time spent auto-exploring this place.
 F = Levels seen in this place.
 G = Mean time per level.
                   A        B        C        D        E       F      G
               +--------+--------+--------+--------+--------+-----+--------+
         Total |   1446 |   1371 |     75 |    200 |    758 |   3 |  482.0 |
       Dungeon |   1446 |   1371 |     75 |    200 |    758 |   3 |  482.0 |
               +--------+--------+--------+--------+--------+-----+--------+

Top non-repeatable levels by time:
     D:2: 670 daAuts
     D:1: 476 daAuts
     D:3: 299 daAuts
